 Dungeon Crawl Stone Soup version 0.14-a0-519-g334afa2 (webtiles) character file.

115 PolkaDot the Sneak (level 3, 0/22 HPs)
             Began as a Vampire Wizard on Nov 2, 2013.
             Killed from afar by Sigmund (5 damage)
             ... with a magic dart
             ... on Level 2 of the Dungeon.
             The game lasted 00:05:29 (1660 turns).

PolkaDot the Sneak (Vampire Wizard)                 Turns: 1660, Time: 00:05:29

HP   0/22        AC  2     Str  6      XL: 3   Next: 73%
MP  10/10        EV 12     Int 21      God:
Gold 58          SH  0     Dex 12      Spells:  3 memorised,  1 level left

Res.Fire  : . . .   See Invis. : +   n - +1 orc dagger
Res.Cold  : . . .   Warding    : .   a - +0 robe
Life Prot.: . . .   Conserve   : .   (no shield)
Res.Poison: .       Res.Corr.  : .   b - +0 wizard hat
Res.Elec. : .       Clarity    : +   (no cloak)
Sust.Abil.: . .     Spirit.Shd : .   (no gloves)
Res.Mut.  : .       Stasis     : .   (no boots)
Res.Rott. : .       Flight     : .   m - amulet of clarity {unknown}
Saprovore : . . .                    (no ring)
                                     (no ring)

@: regenerating quickly, slightly resistant to hostile enchantments, stealthy
A: fangs 3, see invisible, unbreathing
a: no special abilities


You were on level 2 of the Dungeon.
You were full.

You visited 1 branch of the dungeon, and saw 2 of its levels.

You collected 58 gold pieces.

Inventory:

Hand weapons
 n - a +1,+1 orcish dagger (weapon)
Armour
 a - a +0 robe (worn)
 b - a +0 wizard hat (worn)
Scrolls
 e - 3 scrolls of remove curse {unknown}
 g - 2 scrolls of fog {unknown}
 h - a scroll of enchant weapon II {unknown}
 i - a scroll of enchant weapon I {unknown}
 j - a scroll of recharging {unknown}
 k - a scroll of identify {unknown}
 l - a scroll of amnesia {unknown}
 p - a scroll of magic mapping {unknown}
Jewellery
 m - an amulet of clarity (around neck) {unknown}
Potions
 d - a potion of blood
 f - a potion of curing {unknown}
 o - a potion of poison {unknown}
 q - a potion of speed {unknown}
 r - 2 potions of heal wounds {unknown}
Books
 c - a book of Minor Magic

   Spells                             Type                      Level
   *Magic Dart                        Conjuration                  1
   Blink                              Translocation                2
   Call Imp                           Summoning                    2
   Repel Missiles                     Charms/Air                   2
   Slow                               Hexes                        2
   *Conjure Flame                     Conjuration/Fire             3
   *Mephitic Cloud                    Conjuration/Poison/Air       3


   Skills:
 - Level 2.1 Dodging
 - Level 3.0 Stealth
 - Level 3.0 Spellcasting
 * Level 2.7 Conjurations
   Level 1.0 Summonings
   Level 0.7 Translocations


You had one spell level left.
You knew the following spells:

 Your Spells              Type           Power        Failure   Level  Hunger
a - Magic Dart            Conj           ##..         4%          1    None
d - Mephitic Cloud        Conj/Pois/Air  #.......     30%         3    ###....
s - Conjure Flame         Conj/Fire      #.......     24%         3    ###....


Dungeon Overview and Level Annotations

Branches:
Dungeon (2/27)

Altars:

Annotations:
D:2 Sigmund


Innate Abilities, Weirdness & Mutations

Your natural rate of healing is unusually fast.
You have razor-sharp teeth.*
You have supernaturally acute eyesight.
You can survive without breathing.*


Message History

c - Mephitic Cloud Adjust to which letter? d - Mephitic Cloud Sigmund shouts!
A quokka comes into view.
Sigmund says, "I'm your fate."
Sigmund points at you and mumbles some strange words.
The puff of flame misses you. Sigmund casts a spell at you.
The puff of flame hits you!
Sigmund flickers, as though insubstantial.
Sigmund points at you and mumbles some strange words.
The puff of flame hits you!
Ouch! That really hurt!
* * * LOW HITPOINT WARNING * * *
Drink which item? (? for menu, Esc to quit)
Okay, then.
Sigmund casts a spell at you. The magic dart hits you!
You die...

########### #.........#
#.........####### ####
#..........[....# ...#
########........# ##.# #........#
.#.##############........########
.........S@.....@................
.##...##.########........####.#..
. #...##.# #.......%# #..>(
#......# #........####.#..
#...##.# #................
....#### #########.#####.# .#...#
#...# #.# ..##### ###.# #..
#######.###.#


You could see Sigmund and an adder.

Vanquished Creatures
  2 adders (D:2)
  2 giant geckos (D:1)
  4 bats
  3 giant cockroaches
  5 goblins
  7 hobgoblins
  2 jackals (D:1)
  A quokka (D:2)
  2 giant newts
  2 kobolds (D:1)
  3 rats
33 creatures vanquished.

Notes
Turn   | Place    | Note
--------------------------------------------------------------
     0 | D:1      | PolkaDot, the Vampire Wizard, began the quest for the Orb.
     0 | D:1      | Reached XP level 1. HP: 11/11 MP: 6/6
   136 | D:1      | Reached skill level 1 in Conjurations
   389 | D:1      | Reached XP level 2. HP: 17/17 MP: 5/8
  1233 | D:2      | Reached XP level 3. HP: 22/22 MP: 3/10
  1632 | D:2      | Noticed Sigmund
  1638 | D:2      | Learned a level 3 spell: Conjure Flame
  1642 | D:2      | Learned a level 3 spell: Mephitic Cloud
  1660 | D:2      | Killed from afar by Sigmund

Action                   || total
-------------------------++-------
Melee: Unarmed           ||     4
 Cast: Magic Dart        ||    90
